 Dungeon Crawl Stone Soup version 0.23-a0-704-g7fdf9c5 (webtiles) character file.

56 galech the Shield-Bearer (level 3, -2/29 HPs)
             Began as a Demonspawn Fighter on Jan 14, 2019.
             Slain by a gnoll
             ... wielding a +0 club
              (5 damage)
             ... on level 1 of the Dungeon.
             The game lasted 00:01:19 (1494 turns).

galech the Shield-Bearer (Demonspawn Fighter)       Turns: 1494, Time: 00:01:20

Health: -2/29      AC:  6    Str: 16    XL:     3   Next: 71%
Magic:  0/3        EV:  7    Int:  9    God:
Gold:   164        SH:  9    Dex: 13    Spells: 2/2 levels left

rFire    . . .     SeeInvis .   a - +0 war axe
rCold    . . .     Gourm    .   c - +0 shield
rNeg     . . .     Faith    .   b - +0 scale mail
rPois    .         Spirit   +   (no helmet)
rElec    .         Reflect  .   (no cloak)
rCorr    .         Harm     .   (no gloves)
MR       +....                  (no boots)
Stlth    ..........             (no amulet)
HPRegen  0.09/turn              p - ring of protection from magic
MPRegen  0.08/turn              (no ring)

@: no status effects
A: magic shield
a: no special abilities


You were on level 1 of the Dungeon.
You were not hungry.

You visited 1 branch of the dungeon, and saw 2 of its levels.

You collected 164 gold pieces.

Inventory:

Hand Weapons
 a - a +0 war axe (weapon)
Armour
 b - a +0 scale mail (worn)
 c - a +0 shield (worn)
Jewellery
 p - a ring of protection from magic (left hand)
Scrolls
 i - a scroll of fear {unknown}
 j - a scroll of teleportation {unknown}
 k - a scroll of noise {unknown}
 l - a scroll of blinking {unknown}
 m - a scroll of enchant armour {unknown}
 n - 6 scrolls of identify {unknown}
 o - a scroll of remove curse {unknown}
 q - a scroll of amnesia {unknown}
Potions
 d - 2 potions of might
 e - 3 potions of curing {unknown}
 h - 2 potions of haste {unknown}
 r - a potion of agility {unknown}
Comestibles
 f - 4 rations
 g - 3 chunks of flesh


   Skills:
 + Level 3.3 Fighting
 + Level 2.3 Axes
 + Level 3.0 Armour
 + Level 0.1 Dodging
 + Level 3.4 Shields


You had 2 spell levels left.
You didn't know any spells.
Your spell library was empty.

Dungeon Overview and Level Annotations

Branches:
Dungeon (2/15)

Altars:


Innate Abilities, Weirdness & Mutations

When hurt, damage is shared between your health and your magic reserves.


Message History

The gnoll hits you with a +0 club.
* * * LOW HITPOINT WARNING * * *
You barely miss the gnoll.
The gnoll is moderately wounded.
The gnoll barely misses you. The gnoll hits you with a +0 club.
* * * LOW HITPOINT WARNING * * *
You closely miss the gnoll.
The gnoll is moderately wounded.
You block the gnoll's attack.
You closely miss the gnoll.
The gnoll is moderately wounded.
You block the gnoll's attack.
You closely miss the gnoll.
The gnoll is moderately wounded.
You block the gnoll's attack. The gnoll hits you with a +0 club.
* * * LOW HITPOINT WARNING * * *
You closely miss the gnoll.
The gnoll is moderately wounded.
The gnoll hits you with a +0 club.
You die...

....................+............
........#############.........###
#######.## #.........# # #..#
#.........# # ##.## #.........# #
#..# #......#### #
##.###########......####
#.#.......#...........#
#.'.>.>.@.'...........#
#.#....g..#...........#
#.#########.######'####
#.#.......#)# #.# #.+...<...'.#
#.# ###.......### #.######
######### #....... #######. #.


You could see a gnoll.

Vanquished Creatures
  An adder (D:2)
  2 worms (D:2)
  2 dart slugs (D:2)
  A leopard gecko (D:1)
  4 bats
  8 goblins
  7 hobgoblins
  4 kobolds
  A quokka (D:2)
  A ball python (D:2)
  2 frilled lizards
  2 rats
35 creatures vanquished.

Vanquished Creatures (others)
  3 toadstools (D:2)
3 creatures vanquished.

Grand Total: 38 creatures vanquished

Notes
Turn   | Place    | Note
-------+----------+-------------------------------------------
     0 | D:1      | galech the Demonspawn Fighter began the quest for the Orb.
     0 | D:1      | Reached XP level 1. HP: 18/18 MP: 1/1
   158 | D:1      | Gained mutation: When hurt, damage is shared between your
                  | health and your magic reserves. [demonic ancestry]
   158 | D:1      | Reached XP level 2. HP: 24/24 MP: 2/2
   638 | D:2      | Reached XP level 3. HP: 13/29 MP: 3/3
  1494 | D:1      | Slain by a gnoll

Vault maps used:
D:1:      minmay_arrival_up_and_down, minivault_23
D:2:      tgw_trog, gammafunk_temple_overflow_claw, minmay_gold_behind_fungi,
          chequers_mini_garden

Skill      XL: |  1  2 |
---------------+-------+-----
Shields        | 3 |  3.4
Axes           | 2 |  2.3
Armour         | 3 |  3.0
Fighting       | |  3.3
Dodging        | |  0.1

Action                   || total
-------------------------++-------
Melee: War axe           ||   126
  Eat: Chunk             ||     2
Armor: Scale mail        ||    74
Dodge: Dodged            ||    39
Block: Shield            ||    87

Table legend:
 A = Non-vault XP
 B = Vault XP
 C = Vault XP percentage of total XP
 D = Non-vault monster count
 E = Vault monster count
 F = Vault count percentage of total count
                 A         B        C        D         E       F
            +---------+---------+-------+---------+---------+-------
      Total |      81 |       0 |   0.0 |      35 |       0 |   0.0
            +---------+---------+-------+---------+---------+-------
        D:1 |      30 |       0 |   0.0 |      18 |       0 |   0.0
        D:2 |      51 |       0 |   0.0 |      17 |       0 |   0.0
            +---------+---------+-------+---------+---------+-------
